 Dungeon Crawl Stone Soup version 0.21.0-3-g78d12a8 (webtiles) character file.

173 EmerC2 the Skirmisher (level 5, -3/43 HPs)
             Began as a Formicid Chaos Knight on Jan 9, 2018.
             Killed from afar by a white imp (5 damage)
             ... with a puff of frost
             ... summoned by Xom
             ... on level 4 of the Dungeon.
             The game lasted 00:08:54 (4286 turns).

EmerC2 the Skirmisher (Formicid Chaos Knight)       Turns: 4286, Time: 00:08:54

Health: -3/43      AC:  5    Str: 17 (18) XL:     5   Next: 83%
Magic:  5/5        EV: 11    Int:  9      God:    Xom [......]
Gold:   159        SH:  0    Dex:  9 (10) Spells: 4/4 levels left

rFire    . . .     SeeInvis +   a - +0 hand axe (chaos)
rCold    . . .     Gourm    .   (no shield)
rNeg     . . .     Faith    .   b - +2 leather armour
rPois    .         Spirit   .   (helmet unavailable)
rElec    .         Reflect  .   (no cloak)
rCorr    .         Harm     .   (no gloves)
MR       .....                  (no boots)
Stlth    +.........             (no amulet)
HPRegen  0.14/turn              (no ring)
MPRegen  0.09/turn              (no ring)

@: heavily drained
A: permanent stasis, dig shafts and tunnels, four strong arms, antennae 3,
deterioration 1, dopey 1
a: Dig, Shaft Self, Renounce Religion


You were on level 4 of the Dungeon.
You worshipped Xom.
You were a very special plaything of Xom.
You were not hungry.

You visited 1 branch of the dungeon, and saw 6 of its levels.

You collected 159 gold pieces.

Inventory:

Hand Weapons
 a - a +0 hand axe of chaos (weapon)
 n - a +0 war axe
Armour
 b - a +2 leather armour (worn)
Scrolls
 d - 2 scrolls of enchant armour {unknown}
 g - a scroll of noise {unknown}
 h - 4 scrolls of teleportation {unknown}
 i - a scroll of amnesia {unknown}
 j - 3 scrolls of remove curse {unknown}
 k - 3 scrolls of blinking {unknown}
Potions
 e - a potion of magic
 l - a potion of brilliance
Comestibles
 c - 2 rations


   Skills:
 + Level 4.6(3.3) Fighting
 + Level 4.2(2.9) Axes
 + Level 3.9(2.7) Armour
 - Level 0.8(0.0) Dodging


You had 4 spell levels left.
You didn't know any spells.

Dungeon Overview and Level Annotations

Branches:
Dungeon (6/15)
 Temple: D:4-7

Altars:
Cheibriados
Makhleb

Annotations:
D:2 1 runed door
D:6 Menkaure


Innate Abilities, Weirdness & Mutations

You cannot be hasted, slowed, berserked, paralysed or teleported.
You can dig through walls and to a lower floor.
Your four strong arms can wield two-handed weapons with a shield.
You have a pair of large antennae on your head. (SInv)
Your body sometimes deteriorates upon taking damage.
You are dopey. (Int -2)


Message History

You slash the adder!
The adder seems to slow down.
You freeze the adder.
You kill the adder!
The white imp sputters.
The white imp gestures at you. The puff of frost hits you!
Your body deteriorates!
You feel clumsy.
Unknown command.
You feel sick.
You are no longer poisoned.
The white imp gestures at you. The puff of frost hits you!
* * * LOW HITPOINT WARNING * * *
Okay, then.
Are you sure you want to shaft yourself?
You feel somewhat more hungry.
You begin to dig a shaft.
You continue digging a shaft.
The white imp spits at you. The white imp gestures at you.
The puff of frost hits you!
You die...

#.# #.. # #.# . #.# # #.# # #.#
# #.###### #
#+#############......##########
.............†@................
........#####.##.....##########
........#####5##.....# #
...........##5##....)# #
#+####+###.##†##.....##########
#.##o##...............
#.##o####+############ #...o.#
####..#


You could see 2 white imps and 3 orcs.

Vanquished Creatures
  2 hounds
  Terence (D:3)
  4 adders
  2 worms
  A dart slug (D:2)
  3 leopard geckos (D:2)
  3 orcs
  2 bats (D:2)
  A giant cockroach (D:1)
  5 goblins
  7 hobgoblins
  8 kobolds
  A quokka (D:3)
  A ball python (D:3)
  A frilled lizard (D:2)
  5 rats
47 creatures vanquished.

Notes
Turn   | Place    | Note
-------+----------+-------------------------------------------
     0 | D:1      | EmerC2 the Formicid Chaos Knight began the quest for the Orb.
     0 | D:1      | Reached XP level 1. HP: 18/18 MP: 1/1
   165 | D:1      | Reached XP level 2. HP: 19/24 MP: 2/2
   592 | D:1      | XOM: harmless Air miscast
   721 | D:1      | XOM: harmless Hex miscast
  1120 | D:2      | Reached XP level 3. HP: 30/30 MP: 3/3
  1796 | D:2      | Reached XP level 4. HP: 37/37 MP: 4/4
  1890 | D:2      | Found a snail-covered altar of Cheibriados.
  1948 | D:2      | Found a runed door.
  2140 | D:2      | XOM: draining
  2256 | D:2      | XOM: give mutations
  2256 | D:2      | Gained mutation: Your mind is acute. (Int +2) [Xom's mischief]
  2256 | D:2      | Lost mutation: Your mind is acute. (Int +2) [Xom's mischief]
  2256 | D:2      | Gained mutation: Your body sometimes deteriorates upon taking damage. [Xom's mischief]
  2362 | D:2      | XOM: give mutation
  2362 | D:2      | Gained mutation: You are dopey. (Int -2) [Xom's mischief]
  2383 | D:2      | XOM: draining
  2707 | D:3      | Found a burning altar of Makhleb.
  2827 | D:3      | Noticed Terence
  2829 | D:3      | XOM: swap monsters
  2869 | D:3      | Killed Terence
  3391 | D:3      | Reached XP level 5. HP: 31/43 MP: 5/5
  3696 | D:3      | XOM: swap monsters
  3801 | D:3      | XOM: summons 2 hostile demons
  3802 | D:3      | Noticed a chaos spawn
  3806 | D:3      | You fall through a shaft for 3 floors!
  4013 | D:6      | Noticed Menkaure
  4018 | D:6      | Noticed an orc warrior
  4020 | D:5      | Entered Level 5 of the Dungeon
  4034 | D:5      | Noticed a centaur
  4102 | D:4      | XOM: summons 2 hostile demons
  4233 | D:4      | XOM: confusion
  4273 | D:4      | XOM: summons 2 hostile demons
  4284 | D:4      | HP: 2/43 [white imp/puff of frost[Xom] (14)]
  4286 | D:4      | Killed from afar by a white imp

Skill      XL: |  1  2  3  4  5 |
---------------+----------------+-----
Armour         | 3 |  3.9
Fighting       | 4 |  4.6
Axes           | 4 |  4.2
Dodging        | |  0.8

Action                   |  1- 3 |  4- 6 || total
-------------------------+-------+-------++-------
Melee: Hand axe          |    78 |   136 ||   214
       War axe           |       |     3 ||     3
 Abil: Shaft Self        |       |     2 ||     2
       Dig               |       |     1 ||     1
  Use: Scroll            |     3 |     1 ||     4
       Potion            |     1 |     1 ||     2
 Stab: Petrified         |       |     6 ||     6
       Confused          |       |     2 ||     2
       Petrifying        |       |     1 ||     1
       Paralysed         |       |     2 ||     2
  Eat: Chunk             |     2 |     6 ||     8
       Ration            |       |     1 ||     1
Armor: Leather armour    |    29 |    61 ||    90
Dodge: Dodged            |    42 |   105 ||   147
